 Dungeon Crawl Stone Soup version 0.30.0-29-ga12c61a403 (webtiles) character file.

Game seed: 2579499970237022218

35916 seaoflcl the Cleaver (level 13, -3/114 HPs)
             Began as a Minotaur Fighter on June 15, 2023.
             Was a High Priest of Qazlal.
             Slain by a wraith (6 damage)
             ... led by Josephine
             ... on level 4 of the Lair of Beasts.
             The game lasted 00:28:47 (15015 turns).

seaoflcl the Cleaver (Minotaur Fighter)            Turns: 15015, Time: 00:28:48

Health: -3/114     AC: 21    Str: 27    XL:     13   Next: 50%
Magic:  9/16       EV:  7    Int:  8    God:    Qazlal [*****.]
Gold:   794        SH: 19    Dex: 15    Spells: 12/12 levels left

rFire   . . .        e - +11 scimitar of Xaol Meamowk {flame, rN++ Dex+4}
rCold   + . .        B - +0 kite shield
rNeg    + + .        A - +0 plate armour
rPois   +            (helmet restricted)
rElec   .            R - +0 cloak
rCorr   .            l - +0 pair of gloves
SInv    .            (no boots)
Will    .....        (no amulet) Stlth
                     M - ring of poison resistance
HPRegen 0.39/turn    g - ring of Yddid {Drain rC+ Str+2 Int+3 Slay+4}
MPRegen 0.15/turn

%: repel missiles
@: protected from physical damage, slowed, very slow
A: horns 2, retaliatory headbutt
a: Renounce Religion, Upheaval, Elemental Force, Disaster Area


You were on level 4 of the Lair of Beasts.
You worshipped Qazlal.
Qazlal was extremely pleased with you.
You visited 3 branches of the dungeon, and saw 17 of its levels.

You collected 1054 gold pieces.
You spent 260 gold pieces at shops.

Inventory:

Hand Weapons
 e - the +11 scimitar of Xaol Meamowk (weapon) {flame, rN++ Dex+4}
   (You took it off an orc warrior on level 12 of the Dungeon)

   Dex:       It affects your dexterity (+4).
   rN:        It greatly protects you from negative energy.
 E - a +2 scimitar of freezing
 I - a +2 falchion
 J - a +2 hand axe
 K - a +4 spear
 O - a +1 hand axe of electrocution
Missiles
 n - 7 poisoned darts (quivered)
 s - 19 boomerangs
 y - 4 boomerangs of dispersal
 V - a curare-tipped dart
Armour
 l - a +0 pair of gloves (worn)
 A - a +0 plate armour (worn)
 B - a +0 kite shield (worn)
 R - a +0 cloak (worn)
Jewellery
 a - a ring of protection from cold
 g - the ring of Yddid (right hand) {Drain rC+ Str+2 Int+3 Slay+4}
   (You acquired it on level 5 of the Dungeon)

   [ring of slaying]

   Str:       It affects your strength (+2).
   Int:       It affects your intelligence (+3).
   Slay:      It affects your accuracy & damage with ranged weapons and melee
   (+4).
   rC:        It protects you from cold.
   Drain:     It drains your maximum health when unequipped.
 q - a ring of ice
 D - a +6 ring of dexterity
 M - a ring of poison resistance (left hand)
 N - a ring of protection from fire
 T - a +5 ring of evasion
 U - a ring of fire
 X - a ring of flight
Wands
 p - a wand of mindburst (6)
 C - a wand of polymorph (14)
 H - a wand of flame (29)
 P - a wand of roots (16)
 S - a wand of paralysis (5)
 Y - a wand of quicksilver (9)
Scrolls
 k - a scroll of brand weapon {unknown}
 m - a scroll of silence
 o - 2 scrolls of poison
 u - 3 scrolls of blinking
 v - a scroll of amnesia
 w - 2 scrolls of teleportation
 G - 3 scrolls of magic mapping
 L - a scroll of enchant armour
 W - a scroll of fog
 Z - 2 scrolls of enchant weapon {unknown}
Potions
 b - 7 potions of curing
 c - a potion of heal wounds
 d - 6 potions of might
 f - a potion of ambrosia {unknown}
 h - 3 potions of degeneration {unknown}
 i - 2 potions of invisibility
 j - a potion of berserk rage
 r - 2 potions of flight {unknown}
 t - 2 potions of magic {unknown}
 x - 7 potions of attraction {unknown}
 z - 4 potions of mutation
 F - 5 potions of haste
 Q - 4 potions of lignification {unknown}


   Skills:
 + Level 10.5 Fighting
 + Level 7.8 Long Blades
 + Level 13.0 Axes
 + Level 7.9 Throwing
 * Level 11.5 Armour
 * Level 11.5 Shields
 + Level 6.5 Invocations
 + Level 7.2 Evocations


You had 12 spell levels left.
You didn't know any spells.
Your spell library contained the following spells:

 Spells                   Type           Power      Damage    Failure   Level
 Apportation              Tloc           0%         N/A       99%         1
 Beastly Appendage        Tmut           0%         N/A       99%         1
 Blink                    Tloc           0%         N/A       100%        2
 Lesser Beckoning         Tloc           0%         N/A       100%        2
 Momentum Strike          Conj/Tloc      0%         3d8       100%        2
 Wereblood                Tmut           0%         N/A       100%        2
 Spider Form              Tmut/Pois      0%         N/A       100%        3
 Summon Guardian Golem    Hex/Summ       0%         N/A       100%        3
 Tukima's Dance           Hex            0%         N/A       100%        3
 Volatile Blastmotes      Fire/Tloc      0%         2d10      100%        3
 Fulminant Prism          Conj/Hex       0%         3d5       100%        4
 Iskenderun's Mystic Bla  Conj/Tloc      0%         2d3       100%        4
 Leda's Liquefaction      Hex/Erth       0%         N/A       100%        4
 Passage of Golubria      Tloc           0%         N/A       100%        4
 Alistair's Intoxication  Tmut/Pois      0%         N/A       100%        5
 Lee's Rapid Deconstruct  Erth           0%         3d4*      100%        5
 Yara's Violent Unravell  Hex/Tmut       0%         3d3       100%        5
 Statue Form              Tmut/Erth      0%         N/A       100%        6
 Orb of Destruction       Conj           0%         9d5       100%        7
 Spellforged Servitor     Conj/Summ      0%         N/A       100%        7


Dungeon Overview and Level Annotations

Branches:
Dungeon (12/15)            Temple (1/1) D:6            Lair (4/5) D:9
  Swamp (0/4) Lair:2          Orc (0/2) D:11
  Snake: Lair:2-3    Spider: Lair:2-3     Slime: Lair:4-5

Altars:
Cheibriados
Elyvilon
Fedhas
Kikubaaqudgha
Nemelex Xobeh
Qazlal
Ru
Trog
Uskayaw
Vehumet
Wu Jian
Xom
Yredelemnul
The Shining One

Shops:
D:3 !   D:6 *:   D:8 (

Annotations:
D:3 1 runed translucent door
D:4 1 runed translucent door
D:6 exclusion: statue
D:11 3 runed translucent doors
Lair:3 Rupert
Lair:4 Urug


Innate Abilities, Weirdness & Mutations

You have a pair of horns on your head.
You reflexively headbutt those who attack you in melee.


Message History

You hit Urug. You burn Urug. You headbutt Urug, but do no damage.
Urug is lightly wounded.
You hear a roar!
You hear an angry hiss.
You block the water moccasin's attack. You block Urug's attack.
The wraith hits you but does no damage. The rime drake breathes ice at you.
You block the icy flash freeze.
The boulder beetle bites you but does no damage.
The water moccasin bites you but does no damage.
Urug hits you but does no damage.
The wraith is engulfed in freezing vapours.
The wraith hits you.
* * * LOW HITPOINT WARNING * * *
The dream sheep shake their wool and sparkle.
You feel drowsy...
You fall asleep.
The rime drake bites you.
You wake up.
* * * LOW HITPOINT WARNING * * *
You feel more protected from physical attacks.
The boulder beetle closely misses you.
You hit Urug. You burn Urug.
Urug is moderately wounded.
You block the water moccasin's attack.
The rime drake is engulfed in a thunderstorm.
You kill the rime drake!
Qazlal accepts your kill. You block Urug's attack.
The wraith is engulfed in freezing vapours.
The wraith hits you!
* * * LOW HITPOINT WARNING * * *
The wraith drains your vigour!
You feel as though you will be slow longer.
The water moccasin bites you!
* * * LOW HITPOINT WARNING * * *
The boulder beetle is engulfed in a thunderstorm.
You block the boulder beetle's attack.
Urug hits you with a +2 long sword of holy wrath!
* * * LOW HITPOINT WARNING * * *
The wraith is engulfed in freezing vapours.
The wraith hits you.
You die...

...# #.#
....# .)#
.....##..#
#
.....#.+.##
....#.#..
#F..#Y#
#.†Y.#
#oWY##
#°@<.#
#§BS##
#.....
#...####
#....#
○....##
....###
...#


You could see a boulder beetle, Urug, a cane toad, a wraith, a water moccasin
and 3 dream sheep.

Vanquished Creatures
  Josephine (Lair:4)
  A hydra (Lair:2)
  2 centaur warriors
  4 two-headed ogres (D:12)
  A boulder beetle (D:12)
  A skyshark (Lair:2)
  A bog body (Lair:2)
  A deep elf pyromancer (D:12)
  2 ugly things
  Pikel (D:7)
  2 manticores (D:12)
  3 cyclopes (D:12)
  4 elephants
  7 cane toads
  A gargoyle (D:12)
  2 unseen horrors (D:12)
  Psyche (D:12)
  A kobold demonologist (D:11)
  2 rime drakes
  4 komodo dragons
  3 trolls
  5 blink frogs (Lair:2)
  Prince Ribbit (D:5)
  2 polar bears (D:11)
  Sigmund (D:3)
  3 dream sheep (Lair:4)
  3 slime creatures
  A vampire (D:6)
  5 wraiths
  A wyvern (Lair:3)
  2 shadows
  7 basilisks
  Eustachio (D:5)
  38 yaks
  The ghost of nroviw the Gusty, an amateur DrAE of Qazlal (D:4)
  6 vampire mosquitoes
  A redback (D:12)
  4 steam dragons
  2 acid dragons
  Edmund (D:5)
  9 water moccasins
  3 ice beasts
  10 orc warriors
  4 black bears
  6 wolves (Lair:1)
  A centaur (shapeshifter) (D:12)
  5 centaurs
  A lemure (D:7)
  2 phantoms
  7 bullfrogs
  Blork the orc (D:4)
  A kobold brigand (D:8)
  3 scorpions
  A gnoll sergeant (D:7)
  14 wights
  7 killer bees
  6 howler monkeys
  2 hounds
  4 jellies
  6 orc priests
  3 iguanas
  3 sleepcaps
  16 orc wizards
  6 hell rats (Lair:2)
  2 human skeletons (D:3)
  3 centaur simulacra
  8 adders
  8 gnolls
  A river rat (D:4)
  2 shadow imps
  4 white imps
  A howler monkey simulacrum (D:9)
  3 ufetubi
  4 worms
  A dart slug (D:3)
  56 orcs
  2 bat zombies (D:9)
  11 endoplasms
  2 giant cockroaches
  7 goblins
  13 hobgoblins
  3 jackals (D:1)
  5 quokkas
  7 ball pythons
  4 bats
  5 frilled lizards
  10 kobolds
  2 rats
  A butterfly (D:6)
416 creatures vanquished.

Vanquished Creatures (others)
  A river rat (D:4)
  A quokka (D:4)
  A rat (D:4)
3 creatures vanquished.

Grand Total: 419 creatures vanquished

Notes
Turn   | Place    | Note
-------+----------+-------------------------------------------
     0 | D:1      | seaoflcl the Minotaur Fighter began the quest for the Orb.
     0 | D:1      | Reached XP level 1. HP: 19/19 MP: 0/0
    92 | D:1      | Reached XP level 2. HP: 24/27 MP: 1/1
   171 | D:1      | Reached skill level 3 in Axes
   234 | D:1      | Reached XP level 3. HP: 18/33 MP: 2/2
  1452 | D:3      | Found a runed translucent door.
  1452 | D:3      | Noticed a human
  1458 | D:3      | Reached XP level 4. HP: 36/40 MP: 3/3
  1635 | D:3      | Found Cuburuth's Distillery.
  1647 | D:3      | Reached skill level 4 in Axes
  1702 | D:3      | Reached skill level 1 in Throwing
  1730 | D:3      | Found a hide-covered altar of Uskayaw.
  1730 | D:3      | Found a glowing golden altar of the Shining One.
  1733 | D:3      | Found a shimmering altar of Xom.
  1775 | D:3      | Found a basalt altar of Yredelemnul.
  1943 | D:3      | Reached skill level 1 in Evocations
  1943 | D:3      | Reached XP level 5. HP: 47/47 MP: 4/4
  2177 | D:3      | Noticed Sigmund
  2178 | D:3      | Found a sparkling altar of Nemelex Xobeh.
  2188 | D:3      | Killed Sigmund
  2189 | D:3      | Reached skill level 5 in Axes
  2189 | D:3      | Reached XP level 6. HP: 50/53 MP: 5/5
  2910 | D:4      | Found a runed translucent door.
  2955 | D:4      | Noticed Blork the orc
  2962 | D:4      | Noticed nroviw's ghost (amateur DrAE)
  2968 | D:4      | Killed Blork the orc
  3089 | D:4      | Reached skill level 5 in Fighting
  3102 | D:4      | Killed nroviw's ghost
  3103 | D:4      | Reached skill level 5 in Armour
  3103 | D:4      | Reached XP level 7. HP: 43/61 MP: 6/6
  3106 | D:4      | Found a runed translucent door.
  3225 | D:4      | You fall into a shaft and drop 1 floor!
  3225 | D:5      | Entered Level 5 of the Dungeon
  3457 | D:5      | Reached skill level 5 in Shields
  3501 | D:5      | Noticed Eustachio
  3510 | D:5      | Killed Eustachio
  3511 | D:5      | Reached skill level 6 in Axes
  3619 | D:5      | Found an ornate altar of the Wu Jian Council.
  3772 | D:5      | Noticed Prince Ribbit
  3794 | D:5      | Killed Prince Ribbit
  3795 | D:5      | Reached XP level 8. HP: 62/70 MP: 7/7
  3831 | D:5      | Noticed Edmund
  3844 | D:5      | Killed Edmund
  3858 | D:5      | Reached skill level 7 in Axes
  4119 | D:5      | Identified a scroll of acquirement
  4122 | D:5      | Acquired the ring of Yddid {Drain rC+ Str+2 Int+3 Slay+4}
  5043 | D:6      | Reached skill level 8 in Axes
  5082 | D:6      | Reached XP level 9. HP: 73/78 MP: 8/8
  5098 | D:6      | Found a sacrificial altar of Ru.
  5102 | D:6      | Found a staircase to the Ecumenical Temple.
  5109 | Temple   | Entered the Ecumenical Temple
  5139 | Temple   | Became a worshipper of Qazlal Stormbringer
  5207 | D:6      | Found a radiant altar of Vehumet.
  5249 | D:6      | Found Irual's Book Boutique.
  5436 | D:6      | Reached skill level 1 in Long Blades
  5467 | D:6      | Found Tyaph's General Store.
  5475 | D:6      | Bought a ring of poison resistance for 260 gold pieces
  5659 | D:7      | Reached skill level 1 in Invocations
  5807 | D:7      | Reached * piety under Qazlal
  5812 | D:7      | Reached skill level 9 in Axes
  6348 | D:7      | Noticed Pikel
  6361 | D:7      | Killed Pikel
  6362 | D:7      | Reached XP level 10. HP: 78/86 MP: 10/10
  6932 | D:8      | Reached skill level 5 in Throwing
  7033 | D:8      | Reached ** piety under Qazlal
  7194 | D:8      | Reached skill level 10 in Axes
  7598 | D:8      | Found Hacves's Weapon Emporium.
  7823 | D:9      | Reached skill level 5 in Evocations
  7910 | D:9      | Found an ancient bone altar of Kikubaaqudgha.
  8088 | D:9      | Reached XP level 11. HP: 78/95 MP: 12/12
  8169 | D:9      | Reached *** piety under Qazlal
  8199 | D:9      | Found a blossoming altar of Fedhas.
  8303 | D:9      | Found a staircase to the Lair.
  8539 | Lair:1   | Entered Level 1 of the Lair of Beasts
  8998 | Lair:1   | Reached skill level 11 in Axes
  9075 | D:10     | Entered Level 10 of the Dungeon
  9434 | D:10     | Reached skill level 5 in Long Blades
 10249 | D:11     | Noticed a centaur warrior
 10256 | D:11     | Killed a centaur warrior
 10402 | D:11     | Reached **** piety under Qazlal
 10413 | D:11     | Found a staircase to the Orcish Mines.
 10597 | D:11     | Noticed a white ugly thing
 10603 | D:11     | Killed a white ugly thing
 10679 | D:11     | Noticed a red ugly thing
 10679 | D:11     | Noticed a brown ugly thing
 10680 | D:11     | Found a runed translucent gate.
 10681 | D:11     | Found a runed translucent gate.
 10681 | D:11     | Found a runed translucent gate.
 10681 | D:11     | Noticed a purple ugly thing
 10681 | D:11     | Noticed a purple ugly thing
 10681 | D:11     | Noticed a cyan ugly thing
 10685 | D:11     | Noticed a glowing orange brain
 10686 | D:11     | a dream sheep changed into a mana viper
 10686 | D:11     | Noticed a mana viper (glowing shapeshifter)
 10687 | D:11     | a mana viper changed into a water nymph
 10689 | D:11     | a water nymph changed into a steelbarb worm
 10689 | D:11     | Noticed a steelbarb worm (glowing shapeshifter)
 10691 | D:11     | a steelbarb worm changed into a torpor snail
 10702 | D:11     | Found a bloodstained altar of Trog.
 10832 | D:11     | Reached skill level 12 in Axes
 10836 | D:11     | Reached XP level 12. HP: 72/104 MP: 14/14
 10992 | D:11     | Noticed a spark wasp
 10992 | D:11     | a spark wasp changed into a jorogumo
 10992 | D:11     | Noticed a jorogumo (glowing shapeshifter)
 10998 | D:11     | a jorogumo changed into an anaconda
 10998 | D:11     | Noticed an anaconda (glowing shapeshifter)
 10999 | D:11     | an anaconda changed into a boulder beetle
 10999 | D:11     | Noticed a boulder beetle (glowing shapeshifter)
 11003 | D:11     | a boulder beetle changed into a spark wasp
 11003 | D:11     | Noticed a spark wasp (glowing shapeshifter)
 11210 | D:12     | Reached skill level 5 in Invocations
 11426 | D:12     | Noticed a two-headed ogre
 11436 | D:12     | Killed a two-headed ogre
 11512 | D:12     | Noticed a two-headed ogre
 11530 | D:12     | Killed a two-headed ogre
 11530 | D:12     | Reached ***** piety under Qazlal
 11745 | D:12     | Noticed a two-headed ogre
 11770 | D:12     | Killed a two-headed ogre
 11811 | D:12     | Noticed a boulder beetle
 11829 | D:12     | Killed a boulder beetle
 11835 | D:12     | Identified the +11 scimitar of Xaol Meamowk {flame, rN++
                  | Dex+4}
 11843 | D:12     | Noticed Psyche
 11917 | D:12     | Killed Psyche
 12127 | D:12     | Noticed a two-headed ogre
 12140 | D:12     | Reached skill level 10 in Shields
 12144 | D:12     | Killed a two-headed ogre
 12145 | D:12     | Reached skill level 10 in Armour
 12637 | D:12     | Reached skill level 10 in Fighting
 12783 | D:12     | Noticed a centaur warrior
 12792 | D:12     | Killed a centaur warrior
 13784 | Lair:2   | Reached XP level 13. HP: 89/113 MP: 16/16
 14474 | Lair:2   | Found a staircase to the Swamp.
 14902 | Lair:3   | Noticed Rupert
 14991 | Lair:4   | Noticed Josephine
 15002 | Lair:4   | Killed Josephine
 15003 | Lair:4   | Reached skill level 13 in Axes
 15009 | Lair:4   | Noticed Urug
 15015 | Lair:4   | HP: 3/114 [Urug/+2 long sword of holy wrath (10)]
 15015 | Lair:4   | Slain by a wraith

Illustrated notes

Levels and vault maps discovered:
D:1:      amcnicky_arrival_double_pillar, layout_rooms, st_stairs_3,
          serial_bayou_pond_b
D:2:      layout_loops_corners, hangedman_abyss_or_decor_lesser_grid,
          corexii_shack
D:3:      layout_loops_ring, dk_yredelemnul_ordeal, minitemple,
          nemelex_spade_bored_becter, serial_shops, shop, uniq_sigmund
D:4:      layout_rooms, ebering_ghost_sewer_f, minmay_cupped, uniq_blork_the_orc
D:5:      layout_loops_ring, pdpol_wu_jian_five_deadly_venoms, serial_aquarium,
          aquarium_bridge_straight [aquarium_subvault_bridge,
          aquarium_subvault_wall, aquarium_subvault_bridge,
          aquarium_subvault_window], aquarium_bridge_long_separate
          [aquarium_subvault_bridge, aquarium_subvault_window,
          aquarium_subvault_window, aquarium_subvault_bridge,
          aquarium_subvault_wall, aquarium_subvault_window], aquarium_window_2,
          aquarium_window_1, aquarium_window_corner, aquarium_window_fake,
          aquarium_view_2c, aquarium_view_2c, aquarium_pool_split,
          minmay_misc_feat_room, uniq_eustachio, uniq_prince_ribbit1,
          uniq_edmund
D:6:      layout_cave_pools, vehumet_statue, kennysheep_mini,
          minmay_temple_entry_butterflies, serial_shops, nicolae_square_shop,
          nicolae_shop_tiny_real_fake_doors, corexii_checkpoint_a
D:7:      minmay_spotlight, layout_cave_pools, nicolae_elevator_lobby_asterisk,
          uniq_pikel
D:8:      kennysheep_blocky_room, layout_loops_corners, serial_shops,
          nicolae_shop_crystal
D:9:      layout_rooms, fedhas_altar_3, lemuel_zombie_altar_kikubaaqudgha,
          lair_entry_dummy, serial_ice, serial_ice_l, serial_ice_h,
          serial_ice_d, serial_ice_c, serial_ice_m
D:10:     layout_gridville, grunt_ministairs_6, chequers_serial_rivers_marsh
D:11:     layout_loops_ring, hiddenorc2_lemuel,
          ploomutoo_gammafunk_ghost_potion_laboratory, hangedman_decor_push,
          hex_tiny, small_statue_intersection, grunt_ministairs_8,
          trog_ov_bears_minmay
D:12:     minmay_the_grid_four_pointed_star
          [minmay_the_grid_triangle_9x9_odd_lines,
          minmay_the_grid_triangle_9x9_semitri,
          minmay_the_grid_triangle_9x9_skeleton,
          minmay_the_grid_triangle_9x9_pentomino_pain,
          minmay_the_grid_prize_inner_circle], layout_long_grid,
          statue_in_the_mist_lemuel, uniq_psyche
Temple:   hc_temple_tempest_star
Lair:1:   layout_cave_pods
Lair:2:   layout_concentric_octagons, skrybe_swamp_entry_bodies
Lair:3:   layout_cellular_growth, spider_nest_entry_funnel_web,
          lemuel_fruit_tree, grunt_megastairs_4, uniq_rupert
Lair:4:   layout_roguey, grunt_megastairs_5, uniq_josephine, uniq_urug

Skill      XL: |  1  2  3  4  5  6  7  8  9 10 11 12 13 |
---------------+----------------------------------------+-----
Axes           | 3 4 5 6 8 9 10 12 13 | 13.0
Armour         | 4 5 6 7 8 9 10 11 | 11.5
Shields        | 4 5 6 7 8 9 10 11 | 11.5
Fighting       | 4 5 6 7 8 9 10 | 10.5
Throwing       | 1 2 3 4 5 6 7 |  7.9
Evocations     | 1 2 3 4 5 6 7 |  7.2
Long Blades    | 2 4 6 7 |  7.8
Invocations    | 2 3 4 6 |  6.5

Action                     |  1- 3 |  4- 6 |  7- 9 | 10-12 | 13-15 || total
---------------------------+-------+-------+-------+-------+-------++-------
  Melee: War axe           |    64 |    89 |   142 |       |       ||   295
         Headbutt          |     5 |    12 |    49 |   107 |    32 ||   205
         Hand axe          |       |       |    86 |   469 |       ||   555
         Scimitar          |       |       |       |    66 |   122 ||   188
  Throw: Dart              |       |       |     7 |    22 |     2 ||    31
         Boomerang         |       |       |    14 |    13 |       ||    27
 Invoke: Upheaval          |       |       |       |     1 |       ||     1
         Disaster Area     |       |       |       |       |     1 ||     1
    Use: Scroll            |       |       |     8 |    10 |     1 ||    19
         Potion            |       |       |       |     2 |     3 ||     5
 Armour: Scale mail        |    26 |    13 |       |       |       ||    39
         Plate armour      |       |    28 |    99 |   222 |    56 ||   405
  Dodge: Dodged            |    41 |    25 |    51 |    98 |    28 ||   243
         Repelled          |       |       |       |     3 |     1 ||     4
  Block: Buckler           |    10 |     8 |       |       |       ||    18
         Kite shield       |       |    14 |   137 |   361 |   131 ||   643
